 Dungeon Crawl Stone Soup version 0.28.0-53-g5a82cb258f (webtiles) character file.

Game seed: 18189291117778620613

6748 Jerry the Basher (level 10, -2/102 HPs)
             Began as a Troll Berserker on July 28, 2022.
             Was an Elder of Trog.
             Engulfed by a cloud of flame (30 damage)
             ... in a volcano.
             The game lasted 00:30:06 (7185 turns).

Jerry the Basher (Troll Berserker)                  Turns: 7185, Time: 00:30:07

Health: -2/102     AC:  6    Str: 27    XL:     10   Next: 75%
Magic:  9/9        EV: 16    Int:  5    God:    Trog [****..]
Gold:   422        SH:  5    Dex: 11    Spells: 9/9 levels left

rFire   . . .      SeeInvis .   k - +4 flail (holy)
rCold   . . .      Faith    .   (no shield)
rNeg    + . .      Spirit   .   b - +0 animal skin
rPois   .          Reflect  +   (helmet restricted)
rElec   .          Harm     .   i - +1 cloak
rCorr   .          Rampage  .   (gloves unavailable)
Will    .....                   (boots unavailable)
Stlth   +.........              z - amulet of reflection
HPRegen 1.07/turn               j - ring of positive energy
MPRegen 0.11/turn               r - +4 ring of evasion

@: no status effects
A: large, unfitting armour, claws 3, regeneration 1, shaggy fur 1, tough skin 1
a: Renounce Religion, Berserk, Trog's Hand, Brothers in Arms


You were in a volcano.
You worshipped Trog.
Trog was greatly pleased with you.
You visited 3 branches of the dungeon, and saw 10 of its levels.
You also visited: Volcano.

You collected 504 gold pieces.
You spent 82 gold pieces at shops.

Inventory:

Hand Weapons
 c - a +0 whip
 k - a +4 flail of holy wrath (weapon)
Missiles
 m - 3 poisoned darts (quivered)
 o - a throwing net
 v - 3 boomerangs
Armour
 b - a +0 animal skin (worn)
 i - a +1 cloak (worn)
Jewellery
 j - a ring of positive energy (left claw)
 r - a +4 ring of evasion (right claw)
 z - an amulet of reflection (around neck)
Wands
 a - a wand of flame (31)
 u - a wand of acid (19)
 y - a wand of polymorph (9)
 A - a wand of charming (6)
Scrolls
 h - 6 scrolls of identify
 t - 3 scrolls of teleportation
 w - a scroll of blinking
 x - 2 scrolls of enchant weapon
Potions
 d - 3 potions of flight
 e - a potion of lignification
 f - a potion of attraction
 l - 2 potions of curing {unknown}
 n - a potion of mutation {unknown}
 p - 5 potions of heal wounds {unknown}
 q - a potion of magic {unknown}
 s - a potion of haste


   Skills:
 + Level 7.4 Fighting
 + Level 8.2 Maces & Flails
 + Level 7.3 Throwing
 + Level 7.4 Dodging


You had 9 spell levels left.
You didn't know any spells.
Your spell library was empty.

Dungeon Overview and Level Annotations

Branches:
Dungeon (8/15)             Temple (1/1) D:6            Lair (1/6) D:8
Volcano (1/1)

Altars:
Ashenzari
Cheibriados
Dithmenos
Elyvilon
Fedhas
Gozag
Hepliaklqana
Kikubaaqudgha
Makhleb
Nemelex Xobeh
Ru
Sif Muna
Trog
Uskayaw
Vehumet
Wu Jian
Xom
Yredelemnul
Zin
The Shining One

Shops:
D:5 =   D:6 ?


Innate Abilities, Weirdness & Mutations

You are too large for most types of armour.
You have claws for hands.
Your natural rate of healing is unusually fast.
You are covered in fur. (AC +1)
You have tough skin. (AC +1)


Message History

You sock the lava snake!
The lava snake is almost dead.
The lava snake bites you.
You are engulfed in flames.
You barely miss the lava snake.
The lava snake is almost dead.
The lava snake bites you.
You are engulfed in flames.
You barely miss the lava snake.
The lava snake is almost dead.
The lava snake barely misses you.
You bludgeon the lava snake!!
You kill the lava snake!
Trog accepts your kill.
A lava snake comes into view.
Why would you want to do that?
The air gets thick with the scent of sulphur.
The helpless lava snake fails to defend itself.
You sock the lava snake!
The lava snake is almost dead.
The lava snake spits lava at you. The glob of lava misses you.
You hit the lava snake.
You kill the lava snake!
Trog accepts your kill.
The volcano roars to life, belching forth lava!
You are engulfed in blazing flames.
You are engulfed in blazing flames.
You are engulfed in blazing flames.
* * * LOW HITPOINT WARNING * * *
Your skin crawls.
You feel strong-willed.
You feel the effects of Trog's Hand fading.
Your skin stops crawling.
You feel less strong-willed.
The air gets thick with the scent of sulphur.
The volcano roars to life, belching forth lava!
You are engulfed in blazing flames.
You are engulfed in blazing flames.
* * * LOW HITPOINT WARNING * * *
You're standing in a cloud of flame!
You are engulfed in blazing flames.
You die...

....≈≈≈§≈≈°○≈°○≈≈§§.≈§≈§≈≈.≈§§§§§
.≈≈≈≈≈≈≈≈§≈°°°○○≈°.....§.........
.≈≈≈≈≈≈≈≈§≈§○≈≈≈○################
...≈§§§≈≈≈≈≈≈○○°○#
.≈≈§≈§§≈≈≈§§≈≈°§○#
.≈≈≈§§§§≈§≈§§≈≈°.# .≈≈§§≈≈≈
§§≈≈§≈°°###++## .§§§§≈§
§≈≈≈≈≈○°#...... .≈§≈≈§≈
≈≈○≈○°°@######. §≈≈≈§≈≈ ○○○○○○○○#
.§≈§§≈≈§ ☼○○§○°○○# .§§≈≈§§≈
○○§≈§○°°# ...§≈§≈§ ○°°○§§§○#
.§§§≈§§§§°○≈○°°§.#
.≈§§§≈≈§§≈§°§○○○°° ..§≈≈≈§§≈
§§≈≈§§§. .§.§≈§≈≈


There were no monsters in sight!

Vanquished Creatures
  A lindwurm (Lair:1)
  An elephant (D:8)
  A cane toad (Lair:1)
  A komodo dragon (Lair:1)
  Grinder (D:4)
  A hornet (D:5)
  Sigmund (D:5)
  6 yaks
  2 basilisks (D:8)
  A steam dragon (D:7)
  Menkaure (D:7)
  Edmund (D:4)
  3 water moccasins
  An ice beast (D:4)
  An orc warrior (Temple)
  A black bear (D:5)
  A necrophage (D:8)
  2 phantoms
  3 wolves (Lair:1)
  2 centaurs (D:8)
  3 bullfrogs
  3 scorpions
  6 killer bees (D:7)
  5 wights (D:7)
  9 howler monkeys
  3 lava snakes (Volcano)
  3 orc priests
  A centaur skeleton (D:7)
  A centaur zombie (D:8)
  2 bullfrog zombies
  A hound (Temple)
  A bullfrog skeleton (D:5)
  2 jellies (D:7)
  Ijyb (D:3)
  7 orc wizards
  3 iguanas
  2 hound skeletons (D:4)
  A howler monkey zombie (D:8)
  6 gnolls
  A howler monkey skeleton (D:6)
  9 adders
  2 shadow imps
  An ufetubus (D:7)
  2 worms
  2 dart slugs
  22 orcs
  6 ball pythons
  3 bats (D:1)
  9 endoplasms
  4 giant cockroaches
  5 goblins
  2 hobgoblins (D:1)
  5 jackals
  2 quokkas
  3 frilled lizards
  6 kobolds
  7 rats
183 creatures vanquished.

Vanquished Creatures (others)
  2 plants (Lair:1)
2 creatures vanquished.

Grand Total: 185 creatures vanquished

Notes
Turn   | Place    | Note
-------+----------+-------------------------------------------
     0 | D:1      | Jerry the Troll Berserker began the quest for the Orb.
     0 | D:1      | Reached XP level 1. HP: 22/22 MP: 0/0
   117 | D:1      | Reached XP level 2. HP: 28/29 MP: 1/1
   165 | D:1      | Reached skill level 3 in Maces & Flails
   342 | D:1      | You fall into a shaft and drop 1 floor!
   351 | D:2      | Reached XP level 3. HP: 26/36 MP: 2/2
   381 | D:2      | Reached ** piety under Trog
   428 | D:2      | Found a faded altar of an unknown god.
   920 | D:2      | Reached skill level 1 in Throwing
   920 | D:2      | Reached XP level 4. HP: 44/45 MP: 3/3
  1018 | D:2      | Identified the +5 long sword "Coisyo Jeif" {flame, rElec
                  | rF- rCorr Str+7}
  1672 | D:3      | Noticed Ijyb
  1686 | D:3      | Killed Ijyb
  1687 | D:3      | Reached XP level 5. HP: 53/53 MP: 4/4
  1982 | D:3      | HP: 3/79 [orc/+0 flail (4)]
  1987 | D:3      | HP: 2/79 [orc/+0 whip (3)]
  2433 | D:3      | Reached XP level 6. HP: 61/61 MP: 5/5
  2779 | D:4      | Reached skill level 4 in Maces & Flails
  2830 | D:4      | Noticed an ice beast
  2840 | D:4      | Killed an ice beast
  2852 | D:4      | Noticed Edmund
  2882 | D:4      | Killed Edmund
  2941 | D:4      | Reached XP level 7. HP: 68/68 MP: 6/6
  3023 | D:4      | Noticed Grinder
  3028 | D:4      | Killed Grinder
  3312 | D:5      | Entered Level 5 of the Dungeon
  3346 | D:5      | Noticed Sigmund
  3367 | D:5      | Killed Sigmund
  3368 | D:5      | Reached skill level 5 in Maces & Flails
  3412 | D:5      | Found Wemugeec's Jewellery Shop.
  3472 | D:5      | Reached XP level 8. HP: 73/79 MP: 7/7
  3573 | D:5      | Found a basalt altar of Yredelemnul.
  3576 | D:5      | Found a shadowy altar of Dithmenos.
  3577 | D:5      | Found a glowing silver altar of Zin.
  3578 | D:5      | Found a sacrificial altar of Ru.
  3587 | D:5      | Noticed a hornet
  3592 | D:5      | Paralysed by a hornet for 1 turns
  3594 | D:5      | Killed a hornet
  3720 | D:5      | Reached skill level 5 in Dodging
  3750 | D:5      | Reached *** piety under Trog
  3751 | D:5      | Reached skill level 5 in Fighting
  3814 | D:5      | Found a hide-covered altar of Uskayaw.
  3852 | D:5      | Found a radiant altar of Vehumet.
  3934 | D:6      | Found a staircase to the Ecumenical Temple.
  3946 | Temple   | Entered the Ecumenical Temple
  4266 | D:6      | Reached skill level 6 in Maces & Flails
  4357 | D:6      | Reached skill level 5 in Throwing
  4357 | D:6      | Reached XP level 9. HP: 82/88 MP: 8/8
  4464 | D:6      | Found Xufyga's Magic Scroll Boutique.
  4472 | D:6      | Bought a scroll of blinking for 82 gold pieces
  5249 | D:7      | Found an opulent altar of Gozag.
  5431 | D:7      | Noticed Menkaure
  5440 | D:7      | Killed Menkaure
  5826 | D:7      | Reached skill level 7 in Maces & Flails
  5902 | D:7      | Reached **** piety under Trog
  6126 | D:8      | Found a staircase to the Lair.
  6126 | D:8      | Noticed an elephant
  6175 | D:8      | Reached XP level 10. HP: 60/100 MP: 9/9
  6198 | D:8      | Killed an elephant
  6690 | Lair:1   | Entered Level 1 of the Lair of Beasts
  6832 | Lair:1   | Noticed a cane toad
  6837 | Lair:1   | Killed a cane toad
  6952 | Lair:1   | Reached skill level 8 in Maces & Flails
  7005 | Lair:1   | Found a dark tunnel.
  7005 | Lair:1   | Noticed a lindwurm
  7028 | Lair:1   | Killed a lindwurm
  7069 | Volcano  | Entered a volcano
  7185 | Volcano  | Engulfed by a cloud of flame

Illustrated notes

Levels and vault maps discovered:
D:1:      tarquinn_simple_flora_water_f, layout_basic
D:2:      layout_basic, shapermc_ecumenical_altar_notcrosses
D:3:      layout_basic, chequers_serial_rivers_small_3,
          nicolae_concentric_dashed_squares_mild, kennysheep_generic_room_5,
          uniq_ijyb
D:4:      layout_basic, uniq_edmund, uniq_grinder
D:5:      layout_rooms, mainiacjoe_overflow_two_lobes,
          mainiacjoe_overflow_alcove_3, serial_shops, shop, minivault_23,
          uniq_sigmund
D:6:      layout_cave_pools, minmay_temple_entry_drinking_statues, serial_shops,
          nicolae_shop_hallway_stairs
D:7:      layout_loops_cross, lemuel_tele_altar, kennysheep_minor_cross,
          uniq_menkaure
D:8:      layout_gridville, david_lair_generic
Temple:   nicolae_temple_god_jail
Lair:1:   layout_small_grid, special_room [special_room_bee],
          nicolae_volcano_entry_vermiform, basic_altar,
          cheibrodos_lair_lostbears
Volcano:  volcano_lake [vl_original]

Skill      XL: |  1  2  3  4  5  6  7  8  9 10 |
---------------+-------------------------------+-----
Maces & Flails | 3 4 5 6 7 8 |  8.2
Dodging        | 3 4 5 6 7 |  7.4
Fighting       | 3 4 5 6 7 |  7.4
Throwing       | 1 2 3 5 6 7 |  7.3

Action                   |  1- 3 |  4- 6 |  7- 9 | 10-12 || total
-------------------------+-------+-------+-------+-------++-------
Melee: Mace              |    22 |       |       |       ||    22
       Whip              |   109 |   225 |       |       ||   334
       Punch             |     2 |       |     5 |     2 ||     9
       Flail             |       |     4 |   311 |   110 ||   425
Throw: Dart              |     1 |     7 |     3 |     1 ||    12
       Throwing net      |       |       |     2 |       ||     2
Invok: Berserk           |       |     4 |     6 |     4 ||    14
       Trog's Hand       |       |     3 |     2 |     1 ||     6
  Use: Scroll            |       |     6 |     5 |     1 ||    12
       Potion            |       |     1 |       |       ||     1
 Stab: Sleeping          |       |       |     2 |     1 ||     3
       Held in net/web   |       |       |     1 |       ||     1
Armor: Animal skin       |    36 |    49 |   104 |    17 ||   206
Dodge: Dodged            |    77 |    94 |   239 |    80 ||   490
Block: Other             |       |       |       |    18 ||    18
